 Dungeon Crawl Stone Soup version 0.18-a0-1800-gdc7a371 (webtiles) character file.

831 delirium the Archer (level 8, -6/57 HPs)
             Began as a Human Hunter on Apr 25, 2016.
             Was a Follower of Okawaru.
             Mangled by Menkaure (17 damage)
             ... on level 5 of the Dungeon.
             The game lasted 00:14:47 (4980 turns).

delirium the Archer (Human Hunter)                  Turns: 4980, Time: 00:14:48

Health: -6/57      AC:  5    Str: 13    XL:     8   Next: 18%
Magic:  6/8        EV: 16    Int: 12    God:    Okawaru [*.....]
Gold:   204        SH:  0    Dex: 15    Spells: 1 memorised, 6 levels left

rFire  . . .     SeeInvis +     m - +3 dagger (elec)
rCold  + . .     Gourm    +     r - +2 robe {rC+}
rNeg   . . .     Faith    .     (no shield)
rPois  .         Spirit   .     p - +0 helmet
rElec  .         Dismiss  .     (no cloak)
rCorr  .         Reflect  .     (no gloves)
SustAt .         Harm     .     (no boots)
MR     .....                    y - amulet of the gourmand
Stlth  +++.......               q - ring of wizardry
                                i - ring of see invisible

@: heroism, not resistant to hostile enchantments, fairly stealthy
A: no striking features
a: Heroism, Renounce Religion


You were on level 5 of the Dungeon.
You worshipped Okawaru.
Okawaru was aware of your devotion.
You were not hungry.

You visited 1 branch of the dungeon, and saw 5 of its levels.

You collected 204 gold pieces.

Inventory:

Hand Weapons
 a - a +1 shortbow
 m - a +3 dagger of electrocution (weapon)
 w - a +3 scythe of venom
Missiles
 d - 45 arrows
Armour
 p - a +0 helmet (worn)
 r - a +2 robe of cold resistance (worn)
Jewellery
 g - an uncursed amulet of regeneration {unknown}
 i - a ring of see invisible (left hand)
 q - a ring of wizardry (right hand)
 y - an amulet of the gourmand (around neck)
Scrolls
 b - a scroll of random uselessness {unknown}
 c - a scroll of amnesia
 e - a scroll of magic mapping {unknown}
 h - 2 scrolls of recharging {unknown}
 j - a scroll of teleportation {unknown}
 o - a scroll of fog {unknown}
 s - 8 scrolls of identify {unknown}
 u - a scroll of blinking {unknown}
Potions
 n - a potion of lignification
 v - a potion of curing
 x - a potion of brilliance {unknown}
Books
 t - Kikubaaqudgha's Guide on Evil
   (You found it on level 3 of the Dungeon)

   Spells                             Type                      Level
   a - Animate Skeleton               Necromancy                   1
Comestibles
 f - 7 bread rations
 l - 3 fruits


   Skills:
 - Level 2.8(7.8) Fighting
 + Level 9.2(14.2) Bows
 - Level 2.5(7.5) Dodging
 - Level 1.0(6.0) Stealth


You had 6 spell levels left.
You knew the following spells:

 Your Spells              Type           Power        Failure   Level  Hunger
a - Animate Skeleton      Necr           N/A          14%         1    ##.....


Dungeon Overview and Level Annotations

Branches:
Dungeon (5/15)
 Temple: D:4-7

Altars:
Dithmenos
Fedhas
Kikubaaqudgha
Makhleb
Okawaru
Sif Muna
Vehumet
The Shining One

Annotations:
D:5 Menkaure


Message History

You shoot an arrow. The arrow hits Menkaure.
Menkaure is severely damaged.
Firing (i - inventory):
d - 46 arrows (quivered)
Press: ? - help, Shift-Dir - straight line, f/p - Menkaure
Aim: Menkaure (severely damaged)
You shoot an arrow. The arrow completely misses Menkaure.
Menkaure calls on the powers of darkness!
Your body is wracked with pain!
Wield which item (- for none, * to show all)? (? for menu, Esc to quit)
You hear the crackle of electricity.
m - a +3 dagger of electrocution (weapon)
You gain the combat prowess of a mighty hero.
You feel slightly more hungry. Menkaure hits you!!
* * * LOW HITPOINT WARNING * * *
Unknown command.
Unknown command.
You hit Menkaure.
Menkaure is almost destroyed.
Menkaure hits you!
You die...

. ......'
......# #
.....#.## ..
#....#(.###.
#....<..#..
#.=.(##...#
#..M.##...##.#
#.@..##.....
####'###..## .#
#..........# .#
#........#.##.#
#........#.##.#
#.......##..#.#
#.......###.#.#
#.......# #...#
#.......# ##..#


You could see Menkaure.

Vanquished Creatures
  Grinder (D:3)
  Sigmund (D:3)
  The ghost of Captinkiss the Sneak, an amateur VSAs of Dithmenos (D:3)
  A phantom (D:4)
  A scorpion (D:4)
  Jessica (D:2)
  Terence (D:2)
  A worker ant (D:5)
  A hound skeleton (D:5)
  2 adders
  4 worms
  A dart slug (D:1)
  3 giant geckos
  7 orcs
  7 giant cockroaches
  9 goblins
  8 hobgoblins
  3 quokkas
  3 ball pythons
  6 bats
  4 giant newts
  8 kobolds
  11 rats
85 creatures vanquished.

Notes
Turn   | Place    | Note
--------------------------------------------------------------
     0 | D:1      | delirium the Human Hunter began the quest for the Orb.
     0 | D:1      | Reached XP level 1. HP: 16/16 MP: 1/1
    99 | D:1      | Reached XP level 2. HP: 23/23 MP: 2/2
   485 | D:1      | Reached XP level 3. HP: 28/28 MP: 3/3
  1080 | D:2      | Noticed Jessica
  1083 | D:2      | Killed Jessica
  1083 | D:2      | Reached XP level 4. HP: 34/34 MP: 4/4
  1303 | D:2      | Noticed Terence
  1736 | D:2      | Reached skill level 5 in Bows
  1743 | D:2      | Found a blossoming altar of Fedhas.
  2133 | D:2      | Found a burning altar of Makhleb.
  2133 | D:2      | Found an iron altar of Okawaru.
  2134 | D:2      | Found a shadowy altar of Dithmenos.
  2215 | D:2      | Became a worshipper of Warmaster Okawaru
  2443 | D:2      | Killed Terence
  2443 | D:2      | Reached XP level 5. HP: 40/40 MP: 5/5
  2494 | D:3      | Found a deep blue altar of Sif Muna.
  2497 | D:3      | Found an ancient bone altar of Kikubaaqudgha.
  2497 | D:3      | Found a radiant altar of Vehumet.
  2502 | D:3      | Identified Kikubaaqudgha's Guide on Evil
  2549 | D:3      | Learned a level 1 spell: Animate Skeleton
  2751 | D:3      | Noticed Sigmund
  2761 | D:3      | Killed Sigmund
  2761 | D:3      | Reached skill level 6 in Bows
  2761 | D:3      | Reached XP level 6. HP: 30/46 MP: 6/6
  3134 | D:3      | Noticed Grinder
  3159 | D:3      | Paralysed by Grinder for 2 turns
  3168 | D:3      | Paralysed by Grinder for 5 turns
  3180 | D:3      | Killed Grinder
  3180 | D:3      | Reached * piety under Okawaru
  3180 | D:3      | Reached skill level 7 in Bows
  3180 | D:3      | Reached XP level 7. HP: 32/51 MP: 7/7
  3686 | D:3      | Noticed Captinkiss's ghost (amateur VSAs)
  3705 | D:3      | Killed Captinkiss's ghost
  3705 | D:3      | Reached skill level 8 in Bows
  3897 | D:4      | Reached XP level 8. HP: 52/57 MP: 8/8
  4064 | D:4      | Reached skill level 9 in Bows
  4213 | D:4      | Found a glowing golden altar of the Shining One.
  4641 | D:5      | Entered Level 5 of the Dungeon
  4645 | D:5      | Noticed Menkaure
  4980 | D:5      | Mangled by Menkaure

Vault maps used:
D:1:      scummos_arrival_simple_crosswalls, minmay_shallow_snake_nest
D:2:      fedhas_altar_4, gammafunk_temple_overflow_claw, uniq_terence,
          uniq_jessica
D:3:      grunt_temple_overflow_magic_moments, kennysheep_cross_room,
          uniq_sigmund, uniq_grinder
D:4:      tso_oasis_becter, serial_park_tiny_1, roderic_roman_lattice
D:5:      grunt_temple_overflow_opulence, portal_sewer_entry_b, first_bread,
          uniq_blork_the_orc, uniq_menkaure

Skill      XL: |  1  2  3  4  5  6  7  8 |
---------------+-------------------------+-----
Bows           | 5 6 7 8 9 |  9.2
Fighting       | |  2.8
Dodging        | |  2.5
Stealth        | |  1.0

Action                   |  1- 3 |  4- 6 |  7- 9 || total
-------------------------+-------+-------+-------++-------
Melee: Short sword       |    23 |       |       ||    23
       Spear             |     7 |       |       ||     7
       Dagger            |       |     4 |    38 ||    42
       Scythe            |       |     2 |       ||     2
 Fire: Shortbow          |    63 |    97 |    93 ||   253
 Cast: Animate Skeleton  |       |       |     1 ||     1
Invok: Heroism           |       |       |     1 ||     1
  Use: Potion            |       |     5 |     1 ||     6
       Scroll            |       |       |     1 ||     1
 Stab: Sleeping          |     1 |     2 |       ||     3
  Eat: Chunk             |       |     6 |     5 ||    11
       Meat ration       |       |       |     1 ||     1
Armor: Leather armour    |    20 |       |       ||    20
       Robe              |       |     9 |    16 ||    25
       Skin              |       |     1 |       ||     1
Dodge: Dodged            |    34 |    18 |    24 ||    76
